 Dungeon Sprint DCSS version 0.31-a0-841-g038b102fc3 (webtiles) character file.

Game seed: 5184323687377672063

452 sircluck the Grappler (level 6, -5/71 HPs)
             Began as a Troll Berserker on Sept 27, 2023.
             Was a Follower of Trog.
             Slain by a basilisk (7 damage)
             ... while petrified by a basilisk
             ... in the Dungeon (Sprint VII: "The Pits").
             The game lasted 00:00:20 (48 turns).

sircluck the Grappler (Troll Berserker)               Turns: 48, Time: 00:00:20

Health: -5/71      AC: -8    Str: 28    XL:     6   Next: 75%
Magic:  5/5        EV:  1    Int:  3    God:    Trog [*.....]
Gold:   0          SH:  0    Dex:  9    Spells: 5/5 levels left

rFire   . .          .
                       - Unarmed
rCold   . . .        (no shield)
rNeg    + + +        a - +0 animal skin
rPois   ∞            (helmet restricted)
rElec   .            (no cloak)
rCorr   .            (gloves unavailable)
SInv    .            (boots unavailable)
Will    .....        (no amulet)
Stlth   +            (no ring)
HPRegen 1.11/turn    (no ring)
MPRegen 0.09/turn

%: no teleportation
@: petrified, corroded, on berserk cooldown, slowed
A: large, unfitting armour, claws 3, regeneration 1, shaggy fur 1, tough skin 1
a: Renounce Religion, Berserk


You were in the Dungeon.
You worshipped Trog.
Trog was aware of your devotion.
You visited 1 branch

Inventory:

Armour
 a - a +0 animal skin (worn)
Scrolls
 g - a scroll of blinking
Potions
 b - a potion of curing
 c - a potion of heal wounds
 d - a potion of haste
 e - 2 potions of magic
 f - a potion of berserk rage


   Skills:
 + Level 7.5 Fighting
 + Level 7.4 Dodging
 + Level 9.0 Unarmed Combat


You had 5 spell levels left.
You didn't know any spells.
Your spell library was empty.

Dungeon Overview and Level Annotations

Branches:
Dungeon (1/1)

Altars:


Innate Abilities, Weirdness & Mutations

You are too large for most types of armour.
You have claws for hands.
Your natural rate of healing is unusually fast.
You are covered in fur. (AC +1)
You have tough skin. (AC +1)


Message History

The basilisk bites you.
The jelly jiggles.
The jelly hits you but does no damage.
Your limbs are stiffening.
Unknown command.
Unknown command.
Unknown command.
Unknown command.
You claw the basilisk!
The basilisk is almost dead.
The jelly hits you but does no damage. The basilisk gazes at you.
Your limbs have turned to stone.
The jelly hits you but does no damage. The basilisk bites you!
You have turned to stone.
The basilisk bites you but does no damage.
The jelly hits you. The acid corrodes you!
You are splashed with acid!
The jelly hits you.
You are splashed with acid.
The basilisk gazes at you. The jelly hits you. The acid corrodes you!
You are splashed with acid!
* * * LOW HITPOINT WARNING * * *
The basilisk gazes at you. The basilisk gazes at you. The jelly hits you.
* * * LOW HITPOINT WARNING * * *
You are splashed with acid.
* * * LOW HITPOINT WARNING * * *
The jelly hits you. The acid corrodes you!
You are splashed with acid.
* * * LOW HITPOINT WARNING * * *
The basilisk gazes at you. The jelly hits you.
* * * LOW HITPOINT WARNING * * *
You are splashed with acid!
* * * LOW HITPOINT WARNING * * *
The basilisk bites you!
* * * LOW HITPOINT WARNING * * *
The jelly hits you.
* * * LOW HITPOINT WARNING * * *
The acid corrodes you!
You are splashed with acid!
* * * LOW HITPOINT WARNING * * *
The basilisk bites you!
You die...

+................+
#......#..#......#
#................#
####'#####''######
#.......##''#
#.......##..##
#.......##...##
#...<...###...##+##.
#.......# ##@.......
#.......# #Jl###+###
#.......##..##
##########.. #.. ##.
##


You could see a basilisk and a jelly.

Vanquished Creatures
  A deep elf pyromancer (D)
1 creature vanquished.

Notes
Turn   | Place    | Note
-------+----------+-------------------------------------------
     0 | D        | sircluck the Troll Berserker began the quest for the Orb.
     0 | D        | Reached XP level 1. HP: 22/22 MP: 0/0
    16 | D        | Noticed a jelly
    16 | D        | Noticed a deep elf pyromancer
    16 | D        | Noticed a basilisk
    23 | D        | Killed a deep elf pyromancer
    24 | D        | Reached skill level 9 in Unarmed Combat
    24 | D        | Reached XP level 2. HP: 40/40 MP: 1/1
    24 | D        | Reached XP level 3. HP: 46/46 MP: 2/2
    24 | D        | Reached XP level 4. HP: 55/55 MP: 3/3
    24 | D        | Reached XP level 5. HP: 62/62 MP: 4/4
    24 | D        | Reached XP level 6. HP: 71/71 MP: 5/5
    48 | D        | HP: 2/71 [acid (4)]
    48 | D        | Slain by a basilisk

Illustrated notes

Levels and vault maps discovered:
D:        pitsprint [storerooms_1, entrance_room_1, metal_vault_5, armoury_2,
          mini_pit_1, grid_room_1, main_hall_1, silver_pit, the_coven_3,
          the_vestibule_1, steel_vault_3, golden_pit, hallway_of_sentries,
          crystal_vault_6, iron_vault_2, final_vault]

Skill      XL: |  1 |
---------------+----+-----
Fighting       | 7 |  7.5
Dodging        | 7 |  7.4
Unarmed Combat | 9 |  9.0

Action                     |  1- 3 |  4- 6 || total
---------------------------+-------+-------++-------
  Melee: Unarmed           |     4 |     6 ||    10
 Invoke: Berserk           |     1 |       ||     1
 Armour: Animal skin       |       |    34 ||    34
  Dodge: Dodged            |     1 |     3 ||     4

Table legend: (Time is in decaauts)
 A = Elapsed time spent in this place.
 B = Non-inter-level travel time spent in this place.
 C = Inter-level travel time spent in this place.
 D = Time resting spent in this place.
 E = Time spent auto-exploring this place.
 F = Levels seen in this place.
 G = Mean time per level.
                   A        B        C        D        E       F      G
               +--------+--------+--------+--------+--------+-----+--------+
         Total |     47 |     47 |      0 |      0 |     16 |   1 |   47.0 |
       Dungeon |     47 |     47 |      0 |      0 |     16 |   1 |   47.0 |
               +--------+--------+--------+--------+--------+-----+--------+

Top non-repeatable levels by time:
       D: 47 daAuts
